 Dungeon Crawl Stone Soup version 0.30.0-3-ga4e48a9924 (webtiles) character file.

Game seed: 10757920287891743200

107 Twinkles the Covered (level 4, -3/29 HPs)
             Began as a Gargoyle Fighter on May 7, 2023.
             Was an Initiate of Qazlal.
             Slain by Edmund
             ... wielding a +0 flail of holy wrath
              (6 damage)
             ... on level 4 of the Dungeon.
             The game lasted 00:05:36 (2057 turns).

Twinkles the Covered (Gargoyle Fighter)             Turns: 2057, Time: 00:05:36

Health: -3/29      AC: 14    Str: 22    XL:     4   Next: 85%
Magic:  4/4        EV:  8    Int:  8    God:    Qazlal [......]
Gold:   217        SH:  4    Dex:  9    Spells: 3/3 levels left

rFire   . . .        a - +0 flail
rCold   + . .        c - +0 buckler
rNeg    + . .        m - +0 chain mail
rPois   ∞            (no helmet)
rElec   +            f - +0 cloak
rCorr   .            (no gloves)
SInv    .            (no boots)
Will    .....        (no amulet) Stlth
                     e - ring of protection from cold
HPRegen 0.24/turn    (no ring)
MPRegen 0.09/turn

%: no passive effects
@: mighty
A: sickness immunity, AC +3, negative energy resistance 1, electricity
resistance, torment resistance 1, petrification resistance
a: Renounce Religion


You were on level 4 of the Dungeon.
You worshipped Qazlal.
Qazlal was noncommittal.
You visited 1 branch of the dungeon, and saw 4 of its levels.

You collected 217 gold pieces.

Inventory:

Hand Weapons
 a - a +0 flail (weapon)
Armour
 b - a +0 scale mail
 c - a +0 buckler (worn)
 f - a +0 cloak (worn)
 m - a +0 chain mail (worn)
 q - the +0 ring mail of Hangman {Fly Will+}
   (You found it on level 2 of the Dungeon)

   Fly:       It grants you flight.
   Will:      It increases your willpower.
Jewellery
 e - a ring of protection from cold (left hand)
Scrolls
 g - 3 scrolls of teleportation {unknown}
 i - 4 scrolls of identify {unknown}
 j - a scroll of butterflies {unknown}
 k - 3 scrolls of immolation {unknown}
 n - a scroll of noise {unknown}
 o - a scroll of fear {unknown}
 p - a scroll of silence {unknown}
 t - a scroll of amnesia {unknown}
Potions
 d - 2 potions of resistance {unknown}
 h - 4 potions of curing {unknown}
 l - a potion of ambrosia {unknown}
 r - a potion of degeneration {unknown}
 s - 2 potions of heal wounds {unknown}
 u - a potion of flight {unknown}
 v - 2 potions of mutation {unknown}


   Skills:
 + Level 4.2 Fighting
 + Level 3.2 Maces & Flails
 + Level 4.2 Armour
 - Level 3.3 Shields
 + Level 0.6 Invocations


You had 3 spell levels left.
You didn't know any spells.
Your spell library was empty.

Dungeon Overview and Level Annotations

Branches:
Dungeon (4/15) Zot: 21879
 Temple: D:4-7

Altars:
Qazlal

Annotations:
D:4 Edmund


Innate Abilities, Weirdness & Mutations

You are immune to sickness and miasma.
Your stone body is resilient. (AC +3)
You are immune to poison.
You resist negative energy. (rN+)
You are resistant to electric shocks. (rElec)
You are resistant to unholy torment.
You are immune to petrification.


Message History

The adder bites you but does no damage. x2
You closely miss the adder.
The adder is almost dead.
The adder closely misses you. The adder bites you.
You thump the adder!
You kill the adder!
Qazlal accepts your kill.
No target in view!
No target in view!
HP restored.
Items here: ) †††.
Edmund the Younger comes into view.
He is wielding a +0 flail of holy wrath and wearing a +2 chain mail of positive energy.
Edmund shouts!
Edmund hits you with a +0 flail of holy wrath.
You sock Edmund!
Edmund is lightly wounded.
Edmund hits you but does no damage.
Edmund hits you with a +0 flail of holy wrath.
You hit Edmund.
Edmund is moderately wounded.
Edmund says, "Everyone always remembers my brother. 'Who's Edmund?' they ask!"
Edmund hits you but does no damage.
You hit Edmund but do no damage.
Edmund is moderately wounded.
Edmund hits you with a +0 flail of holy wrath!
You hit Edmund.
Edmund is moderately wounded.
Edmund hits you with a +0 flail of holy wrath.
You hit Edmund.
Edmund is moderately wounded.
Edmund barely misses you.
Edmund hits you with a +0 flail of holy wrath.
* * * LOW HITPOINT WARNING * * *
You hit Edmund.
Edmund is heavily wounded.
Edmund hits you with a +0 flail of holy wrath.
* * * LOW HITPOINT WARNING * * *
You feel very mighty all of a sudden.
Edmund hits you with a +0 flail of holy wrath.
You die...

#..#....>..#
#..#.####..#
####..#.####..#
.........)....#
.####.#.#####.#
#.#.#####.#
#.........#
..#########.#.#######
......@@....#.#
#.###########.# #.#
#.# #.# #.#


You could see Edmund.

Vanquished Creatures
  A gnoll (D:1)
  3 adders
  4 worms
  2 dart slugs (D:2)
  An orc (D:3)
  6 bats
  5 endoplasms
  3 giant cockroaches
  A goblin (D:2)
  A hobgoblin (D:1)
  11 jackals
  2 kobolds
  3 quokkas
  3 frilled lizards
  2 rats (D:1)
48 creatures vanquished.

Notes
Turn   | Place    | Note
-------+----------+-------------------------------------------
     0 | D:1      | Twinkles the Gargoyle Fighter began the quest for the Orb.
     0 | D:1      | Reached XP level 1. HP: 14/14 MP: 1/1
   163 | D:1      | Reached XP level 2. HP: 19/19 MP: 2/2
   395 | D:1      | Reached XP level 3. HP: 18/24 MP: 3/3
   906 | D:2      | Identified the +0 ring mail of Hangman {Fly Will+}
  1188 | D:2      | Reached XP level 4. HP: 29/29 MP: 4/4
  1604 | D:3      | Found a stormy altar of Qazlal.
  1657 | D:3      | Became a worshipper of Qazlal Stormbringer
  2047 | D:4      | Noticed Edmund
  2055 | D:4      | HP: 6/29 [Edmund/+0 flail of holy wrath (6)]
  2057 | D:4      | Slain by Edmund

Illustrated notes

Levels and vault maps discovered:
D:1:      shiori_arrival_oz, layout_basic, chequers_serial_rivers_large_a
D:2:      layout_loops_ring
D:3:      layout_basic, nicolae_overflow_crystal_walls, corexii_shack
D:4:      layout_loops_ring, minmay_temple_entry_large_hall, uniq_edmund

Skill      XL: |  1  2  3  4 |
---------------+-------------+-----
Fighting       | 4 |  4.2
Armour         | 4 |  4.2
Maces & Flails | 3 |  3.2
Shields        | |  3.3
Invocations    | |  0.6

Action                     |  1- 3 |  4- 6 || total
---------------------------+-------+-------++-------
  Melee: Flail             |    93 |    66 ||   159
    Use: Potion            |       |     1 ||     1
 Armour: Scale mail        |    10 |       ||    10
         Chain mail        |    43 |    41 ||    84
  Dodge: Dodged            |    35 |    28 ||    63
  Block: Buckler           |    13 |     8 ||    21
